 Dungeon Crawl Stone Soup version 0.27.1-35-g4d5d836560 (webtiles) character file.

Game seed: 13780166933402381933

4 Delamore the Sneak (level 1, -1/14 HPs)
             Began as an Octopode Brigand on July 26, 2022.
             Slain by a gnoll (6 damage)
             ... on level 1 of the Dungeon.
             The game lasted 00:00:17 (32 turns).

Delamore the Sneak (Octopode Brigand)                 Turns: 32, Time: 00:00:18

Health: -1/14      AC:  1    Str: 10    XL:     1   Next: 60%
Magic:  1/1        EV: 13    Int: 13    God:
Gold:   0          SH:  0    Dex: 13    Spells: 0/0 levels left

rFire    . . .     SeeInvis .   a - +2 dagger
rCold    . . .     Faith    .   (no shield)
rNeg     . . .     Spirit   .   (helmet restricted)
rPois    .         Reflect  .   (no amulet)
rElec    .         Harm     .   (no ring)
rCorr    .         Rampage  .   (no ring)
Will     .....                  (no ring)
Stlth    ++++......             (no ring)
HPRegen  0.04/turn              (no ring)
MPRegen  0.07/turn              (no ring)
                                (no ring)
                                (no ring)

@: no status effects
A: almost no armour, amphibious, 8 rings, camouflage 1, gelatinous body 1,
(nimble swimmer 1), tentacles
a: no special abilities


You were on level 1 of the Dungeon.
You visited 1 branch of the dungeon, and saw 1 of its levels.

Inventory:

Hand Weapons
 a - a +2 dagger (weapon)
Missiles
 b - 8 poisoned darts (quivered)
 c - 2 curare-tipped darts


   Skills:
 + Level 2.2 Fighting
 - Level 2.0 Short Blades
 - Level 2.0 Throwing
 + Level 1.3 Dodging
 - Level 5.3 Stealth


You couldn't memorise any spells.
You didn't know any spells.
Your spell library was empty.

Dungeon Overview and Level Annotations

Branches:
Dungeon (1/15)

Altars:


Innate Abilities, Weirdness & Mutations

You cannot wear most types of armour.
You are amphibious.
You can wear up to eight rings at the same time.
Your skin changes colour to match your surroundings (Stealth+).
Your rubbery body absorbs attacks. (AC +1, EV +1)
((You are camouflaged near water. (Stealth+)))
You have tentacles for arms and can constrict up to eight enemies at once.


Message History

Found a staircase leading out of the dungeon.
You open the door.
There is an open door here.
A dart slug comes into view.
Found 3 gold pieces.
The helpless dart slug fails to defend itself.
You impale the dart slug!!
You kill the dart slug!
No target in view!
No target in view!
No target in view!
No target in view!
No target in view!
A kobold comes into view. It is wielding a +0 dagger.
A kobold is nearby!
A gnoll comes into view. It is wielding a +0 spear.
The kobold shouts!
The kobold hits you with a +0 dagger.
You miss the kobold. You grab the kobold.
You constrict the kobold, but do no damage.
The kobold hits you with a +0 dagger.
You barely miss the kobold.
You squeeze the kobold, but do no damage.
You constrict the kobold, but do no damage.
The gnoll misses you. The kobold completely misses you.
You hit the kobold but do no damage. You squeeze the kobold.
You kill the kobold!
The gnoll closely misses you. The gnoll hits you with a +0 spear.
Things that are here:
a +0 dagger; a kobold corpse You are too injured to fight recklessly!
You are too injured to fight recklessly!
You are too injured to fight recklessly!
You are too injured to fight recklessly!
You are too injured to fight recklessly!
You are too injured to fight recklessly!
You barely miss the gnoll. You grab the gnoll. You constrict the gnoll.
The gnoll hits you with a +0 spear.
You die...

. .. ########...
#####..........
#..............
#..............
#......@g......
#..............
##########.....$........
.................####...
#####.#####.###..# .. #
#.# #.#≈#..# . # #.#
#.###.## #####.# #.....#
#..##.. ###.###


You could see a gnoll.

Vanquished Creatures
  A dart slug (D:1)
  A kobold (D:1)
2 creatures vanquished.

Notes
Turn   | Place    | Note
-------+----------+-------------------------------------------
     0 | D:1      | Delamore the Octopode Brigand began the quest for the Orb.
     0 | D:1      | Reached XP level 1. HP: 14/14 MP: 1/1
    32 | D:1      | Slain by a gnoll

Illustrated notes

Levels and vault maps discovered:
D:1:      nzn_arrival_crosshair, layout_basic, basic_ecumenical_altar,
          feat_on_display

Action                   || total
-------------------------++-------
Melee: Dagger            ||     5
       Constrict         ||     2
       Tentacles         ||     2
 Stab: Sleeping          ||     1
Dodge: Dodged            ||     3
